 Dungeon Crawl Stone Soup version 0.28.0-47-ge53b351184 (webtiles) character file.

Game seed: 1067873430636664406

178 firemarshallily the Covered (level 5, -3/42 HPs)
             Began as a Demonspawn Fighter on Apr 27, 2022.
             Was a Plaything of Xom.
             Succumbed to a scorpion's poison
             ... on level 4 of the Dungeon.
             The game lasted 00:07:13 (2541 turns).

firemarshallily the Covered (Demonspawn Fighter)    Turns: 2541, Time: 00:07:13

Health: -3/42      AC:  8    Str: 18    XL:     5   Next: 32%
Magic:  5/5        EV:  9    Int: 10    God:    Xom [......]
Gold:   97         SH:  8    Dex: 12    Spells: 4/4 levels left

rFire   . . .      SeeInvis .   a - +0 war axe
rCold   . . .      Faith    .   c - +0 buckler
rNeg    . . .      Spirit   .   b - +0 scale mail
rPois   .          Reflect  .   (no helmet)
rElec   .          Harm     .   (no cloak)
rCorr   .          Rampage  .   f - +0 pair of gloves
Will    .....                   (no boots)
Stlth   ..........              (no amulet)
HPRegen 0.14/turn               (no ring)
MPRegen 0.09/turn               (no ring)

@: lethally poisoned (-3 -> -19)
A: condensation shield
a: Renounce Religion


You were on level 4 of the Dungeon.
You worshipped Xom.
You were a very special plaything of Xom.
You visited 1 branch of the dungeon, and saw 4 of its levels.

You collected 97 gold pieces.

Inventory:

Hand Weapons
 a - a +0 war axe (weapon)
Missiles
 e - 182 stones (quivered)
 p - 4 poisoned darts
Armour
 b - a +0 scale mail (worn)
 c - a +0 buckler (worn)
 f - a +0 pair of gloves (worn)
Scrolls
 k - 2 scrolls of vulnerability {unknown}
 l - a scroll of summoning {unknown}
Potions
 d - a potion of might
 g - a potion of resistance
 h - a potion of attraction {unknown}
 i - a potion of curing {unknown}
 j - a potion of mutation {unknown}
 m - a potion of heal wounds {unknown}
 n - a potion of flight {unknown}


   Skills:
 + Level 3.8 Fighting
 * Level 3.4 Axes
 * Level 3.9 Armour
 - Level 2.8 Shields


You had 4 spell levels left.
You didn't know any spells.
Your spell library was empty.

Dungeon Overview and Level Annotations

Branches:
Dungeon (4/15)
 Temple: D:4-7

Altars:
Xom


Innate Abilities, Weirdness & Mutations

A meltable shield of frost defends you. (SH +4)


Message History

The scorpion poisons you!
You hit the scorpion.
The scorpion is heavily wounded.
You feel very sick. The scorpion closely misses you. The scorpion stings you.
You are more poisoned.
The scorpion poisons you!
You barely miss the scorpion.
The scorpion is heavily wounded.
You hit the orc.
You feel extremely sick. You block the orc's attack.
The scorpion stings you but does no damage.
The scorpion barely misses you. The orc hits you but does no damage.
You hit the orc but do no damage.
The orc is lightly wounded.
You hit the scorpion.
You feel very sick. The scorpion barely misses you.
The orc completely misses you.
You barely miss the scorpion.
The scorpion is almost dead.
You hit the orc.
You feel very sick. The scorpion barely misses you. You block the orc's attack.
The scorpion stings you.
* * * LOW HITPOINT WARNING * * *
You are lethally poisoned!
The scorpion poisons you!
You hit the scorpion but do no damage.
The scorpion is almost dead.
You hit the orc but do no damage.
* * * LOW HITPOINT WARNING * * *
You feel extremely sick. You block the orc's attack.
You block the scorpion's attack. You block the orc's attack.
The scorpion stings you.
* * * LOW HITPOINT WARNING * * *
It was a potion of cancellation.
You feel magically purged.
Xom is highly amused!
You die...
Xom bursts into laughter!

...#.#######
.........[.
#........#
#........#
#........#
#........#
#..o.....#
#..@s....#
#........#
#.#.######
#.#.# #.#.#.#
.# #.#.#.# ..#
#.#.#.#########
#.#
#.#............
#.#
#.###.#.).....#


You could see a scorpion and an orc.

Vanquished Creatures
  A water moccasin skeleton (D:2)
  7 adders
  A worm (D:3)
  3 dart slugs
  4 orcs
  An endoplasm (D:1)
  3 giant cockroaches
  6 goblins
  5 hobgoblins
  4 jackals (D:2)
  3 ball pythons (D:3)
  5 bats
  3 frilled lizards (D:2)
  5 kobolds
  5 rats
  A bush (D:1)
57 creatures vanquished.

Vanquished Creatures (others)
  22 plants (D:3)
22 creatures vanquished.

Grand Total: 79 creatures vanquished

Notes
Turn   | Place    | Note
-------+----------+-------------------------------------------
     0 | D:1      | firemarshallily the Demonspawn Fighter began the quest for
                  | the Orb.
     0 | D:1      | Reached XP level 1. HP: 18/18 MP: 1/1
   247 | D:1      | Gained mutation: A meltable shield of frost defends you.
                  | (SH +4) [demonic ancestry]
   247 | D:1      | Reached XP level 2. HP: 24/24 MP: 2/2
   429 | D:1      | Found a faded altar of an unknown god.
   431 | D:1      | Prayed at the altar of an unknown god.
   431 | D:1      | Became a worshipper of Xom of Chaos
   561 | D:1      | XOM: silly message
   768 | D:1      | XOM: silly message
   799 | D:2      | Reached XP level 3. HP: 29/29 MP: 3/3
   820 | D:2      | Reached XP level 4. HP: 32/35 MP: 4/4
   936 | D:2      | XOM: silly message
   956 | D:2      | XOM: silly message
  1621 | D:3      | XOM: silly message
  1832 | D:3      | Reached XP level 5. HP: 39/42 MP: 5/5
  2034 | D:3      | XOM: blink monster(s)
  2466 | D:4      | XOM: noise
  2540 | D:4      | HP: 1/42 [scorpion (4)]
  2541 | D:4      | Succumbed to a scorpion's poison

Illustrated notes

Levels and vault maps discovered:
D:1:      evilmike_arrival_home_sweet_home, layout_loops_ring,
          hellmonk_ecumenical_altar_crossroads
D:2:      layout_basic
D:3:      layout_loops_ring, serial_bayou_lagoon_b
D:4:      layout_basic, uniq_eustachio

Skill      XL: |  1  2  3  4 |
---------------+-------------+-----
Axes           | 2 3 |  3.4
Armour         | 3 |  3.9
Fighting       | |  3.8
Shields        | |  2.8

Action                   |  1- 3 |  4- 6 || total
-------------------------+-------+-------++-------
Melee: War axe           |    96 |   115 ||   211
Throw: Stone             |       |     1 ||     1
  Use: Scroll            |     4 |       ||     4
       Potion            |       |     1 ||     1
Armor: Scale mail        |    22 |    54 ||    76
Dodge: Dodged            |    15 |    53 ||    68
Block: Buckler           |    16 |    50 ||    66
